[Event "*** Titled Tuesday Blitz"]
[Site "Chess.com"]
[Date "2020.04.21"]
[Round "9"]
[White "obliviate12"]
[Black "Ginger_GM"]
[Result "1-0"]
[WhiteElo "2767"]
[BlackElo "2582"]
[TimeControl "180+1"]
[EndTime "11:50:38 PDT"]
[Termination "obliviate12 won by resignation"]

1. e4 c5 2. Nf3 d6 3. d4 cxd4 4. Qxd4 Nc6 5. Qe3 Nf6 6. h3 d5 7.
exd5 Nxd5 8. Qb3 e6 9. Be2 Be7 10. c4 Nf6 11. O-O O-O 12. Rd1 Qc7 13. Nc3 a6 14. Be3 Nd7 15. Rac1 Nc5 16. Qc2 b6 17. a3 a5 18. Nb5 Qb8 19. Ng5 g6 20. Bf3 Bb7 21. Ne4 Ne5 22. Nxc5 Nxf3+ 23. gxf3 Bxc5 24.
Qc3 Bc6 25. Kg2 Qb7 26. Bh6 f6 27. b4 axb4 28. axb4 Bxb4 29. Qxb4 Bxf3+ 30. Kh2 Bxd1 31. Rxd1 Rfd8 32. Rxd8+ Rxd8 33. Qc3 Kf7 34. Qa3 Qb8+ 35. Kg2 Rd7 36. Qf3 Ke7 37. Bg7 f5 38. h4 Qb7 39.
Qxb7 Rxb7 40. Bd4 Kd7 41. Kf3 Kc6 42. Kf4 Rb8 43. Ke5 Ra8 44. Kxe6 Ra4 45. Nd6 Ra2 46. Nf7 Re2+ 47. Ne5+ Kc7 48. Be3 Rc2 49. Kf6 f4 50.
Bxf4 Rxf2 51. Nd3+ Rxf4+ 52. Nxf4 Kc6 53. Kg7 Kc5 54.
Nd5 Kxc4 55. Nxb6+ Kc5 56. Kxh7 Kxb6 57. Kxg6 1-0

[Event "*** Titled Tuesday Blitz"]
[Site "Chess.com"]
[Date "2020.04.21"]
[Round "9"]
[White "zajka-molotok"]
[Black "Noghay"]
[Result "0-1"]
[WhiteElo "2406"]
[BlackElo "2584"]
[TimeControl "180+1"]
[EndTime "11:50:38 PDT"]
[Termination "Noghay won on time"]

1. d4 Nf6 2. c4 g6 3. Nc3 Bg7 4. e4 d6 5. Be2 O-O 6. Be3 e5 7. d5 a5 8. g4 Na6 9. h4 c6 10. h5 Nc5 11. f3 a4 12. Qd2 Qa5 13. dxc6 bxc6 14. Qxd6 a3 15. b4 Qxb4 16. Rc1 Ra5 17. h6 Bh8 18. Kf1 Be6 19. Nd1 Rc8 20. Nh3 Ne8 21. Qd2 Qxd2 22. Bxd2 Raa8 23. Be3 Na4 24. Ng5 Bd7 25. c5 Bf6 26. Nf2 Nb2 27. Nd3 Nc7 28. Kf2 Ne6 29. Nxe6 Bxe6 30. Rhe1 Bxa2 31. Ra1 Bb3 32.
Nxb2 axb2 33. Rab1 Ra2 34. Bd3 Bh4+ 35. Kf1 Bxe1 36. Kxe1 Rd8 37. Ke2 Be6 38. Bd2 Rb8 39. Bc3 Ra3 40. Kd2 Rab3 41. Bc2 R3b5 42. Bd3 Rxc5 43.
Rxb2 Rxb2+ 44. Bxb2 Ra5 45. Bc3 Ra2+ 46. Ke3 f6 47. f4 exf4+ 48. Kxf4 Ra3 49. Bxf6 Rxd3 50.
Ke5 Kf7 51. g5 c5 52. Kf4 c4 53. Be5 c3 0-1

[Event "*** Titled Tuesday Blitz"]
[Site "Chess.com"]
[Date "2020.04.21"]
[Round "9"]
[White "EugeneRougon"]
[Black "Cubitas"]
[Result "1/2-1/2"]
[WhiteElo "2695"]
[BlackElo "2528"]
[TimeControl "180+1"]
[EndTime "11:50:39 PDT"]
[Termination "Game drawn by repetition"]

1. e4 c5 2. Nf3 Nc6 3. Bb5 e6 4. O-O Nge7 5. d4 cxd4 6. Nxd4 a6 7. Be2 Nxd4 8. Qxd4 Nc6 9. Qc3 b5 10. a4 b4 11. Qg3 h5 12. h4 Be7 13. Bg5 Bxg5 14.
hxg5 h4 15. Qe3 e5 16. c3 Rb8 17. Nd2 d6 18. Bc4 Be6 19. Bxa6 Rh5 20. Bb5 Bd7 21. Nf3 Ne7 22. Rfd1 Bxb5 23. axb5 h3 24. g4 h2+ 25. Kg2 Rh8 26. Nxe5 Qc8 27. Rxd6 Rxb5 28. Qf4 Rxe5 29.
Qxe5 h1=Q+ 30. Rxh1 Qxg4+ 31. Qg3 Qxe4+ 32. Qf3 Qxf3+ 33. Kxf3 Rxh1 34. cxb4 Rb1 35. Rd2 Ng6 36. Ke4 Ke7 37. Kd5 Re1 38. b5 Re5+ 39. Kc6 Rxg5 40. b6 Ne5+ 41. Kc7 Nc4 42. Re2+ Kf6 43. b7 Rc5+ 44.
Kd7 Rb5 45. Kc7 Rc5+ 46. Kd7 Rb5 47. Kc7 Rc5+ 1/2-1/2

[Event "*** Titled Tuesday Blitz"]
[Site "Chess.com"]
[Date "2020.04.21"]
[Round "9"]
[White "pooh2012"]
[Black "lucasran"]
[Result "1-0"]
[WhiteElo "2501"]
[BlackElo "2602"]
[TimeControl "180+1"]
[EndTime "11:50:39 PDT"]
[Termination "pooh2012 won by resignation"]

1. d4 Nf6 2. a3 e6 3. Nf3 c5 4. dxc5 Bxc5 5. b4 Bb6 6. Bb2 d5 7. e3 O-O 8. Nbd2 a5 9. Bd3 axb4 10. axb4 Rxa1 11. Qxa1 Nc6 12. Bc3 Qe7 13. Qb2 Re8 14. b5 Nb8 15. O-O Nbd7 16. Ne5 Bc7 17. Ndf3 Nc5 18. b6 Bd6 19. Bb5 Rd8 20. Ra1 Nfe4 21. Bb4 f6 22. Nd3 Bd7 23. Bxc5 Nxc5 24. Ra7 Rb8 25.
Nd4 e5 26. Nc6 bxc6 27. Bxc6 Qe8 28. Bxd5+ Kh8 29. b7 Qd8 30. Ra8 Nxd3 31. cxd3 Qc7 32. g3 h6 33. Qa2 Be8 34. Kg2 Kh7 35. e4 Kh8 36. Qa6 Bd7 37. Qc4 Qxc4 38. dxc4 g6 39.
Kf3 Kg7 40. Ke2 Kf8 41. Kd3 Ke7 42. Kc3 Bc7 43. Kb4 Kd6 44. c5+ Ke7 45. c6 Kd6 46. Kb5 Be6 47. Ka6 Bxd5 48. exd5 Kxd5 49. Ka7 Kxc6 50.
Rxb8 Bxb8+ 51. Kxb8 e4 52. Kc8 f5 53. b8=Q f4 54.
Qxf4 e3 55. Qxe3 Kd5 56. Kd8 g5 57. Ke7 g4 58. Kf6 h5 59. Kg5 Kc4 60. Kxh5 1-0

[Event "*** Titled Tuesday Blitz"]
[Site "Chess.com"]
[Date "2020.04.21"]
[Round "9"]
[White "Gajuchess"]
[Black "Alliswell998"]
[Result "1-0"]
[WhiteElo "2720"]
[BlackElo "2565"]
[TimeControl "180+1"]
[EndTime "11:50:41 PDT"]
[Termination "Gajuchess won by resignation"]

1. d4 Nf6 2. Nf3 c5 3. d5 g6 4. c4 b5 5. Nc3 b4 6. Nb1 Bg7 7. Nbd2 d6 8. e4 O-O 9. Bd3 a5 10. Rb1 a4 11. O-O Nbd7 12. h3 Nh5 13. Re1 Nf4 14.
Bf1 Ne5 15. g3 Nxh3+ 16. Kg2 Bg4 17. Be2 Nxf3 18. Nxf3 e6 19. Nh2 Bxe2 20. Qxe2 exd5 21. exd5 Qd7 22. Qg4 Qxg4 23. Nxg4 h5 24. Nh2 Nxf2 25. Kxf2 a3 26. b3 Be5 27. Nf3 Bc3 28. Bd2 Bb2 29.
Re2 Ra7 30. Rbe1 Rd7 31. Re7 Rfd8 32. Rxd7 Rxd7 33. Re8+ Kg7 34. Bf4 f6 35. Re6 Be5 36.
Bxe5 fxe5 37. Ng5 Kh6 38. Ne4 Rf7+ 39. Kg2 h4 40. Nxd6 h3+ 41. Kxh3 Rf2 42. Re7 Rxa2 43. Kg4 Rb2 44. Ne4 Rxb3 45. Ng5 Rxg3+ 46. Kxg3 Kxg5 47.
Ra7 e4 48. d6 Kf6 49. Kf4 Ke6 50. Ra6 g5+ 51. Kxe4 g4 52. Kf4 a2 53. Rxa2 Kxd6 54. Rd2+ Kc6 55. Kxg4 Kb6 56. Kf4 Ka5 57. Ra2+ Kb6 58.
Ke4 Kc6 59. Ke5 Kb6 60. Kd5 b3 61. Rb2 Ka5 62. Rxb3 Ka4 63. Rb5 Ka3 1-0

[Event "*** Titled Tuesday Blitz"]
[Site "Chess.com"]
[Date "2020.04.21"]
[Round "9"]
[White "Blagorod"]
[Black "The_Machine04"]
[Result "0-1"]
[WhiteElo "2130"]
[BlackElo "2320"]
[TimeControl "180+1"]
[EndTime "11:50:42 PDT"]
[Termination "The_Machine04 won on time"]

1. e4 d6 2. d4 Nf6 3. Nc3 e5 4. dxe5 dxe5 5. Qxd8+ Kxd8 6. Bc4 Be6 7. Bxe6 fxe6 8. f3 Bd6 9. Be3 Ke7 10. Nge2 Nbd7 11. O-O-O a6 12. a3 b5 13. Rd2 Rhb8 14. Rhd1 a5 15.
Nb1 a4 16. c3 Bc5 17. Rd3 Bxe3+ 18. Rxe3 Nc5 19. Kc2 Rd8 20. Rxd8 Rxd8 21. Nc1 Ne8 22. Nd3 Nxd3 23. Rxd3 Rxd3 24. Kxd3 Nd6 25.
Nd2 c5 26. g3 g5 27. Ke3 Kf6 28. f4 exf4+ 29. gxf4 gxf4+ 30. Kxf4 e5+ 31. Kg4 Kg6 32. h4 h6 33. Kh3 h5 34. Kg3 Kf6 35. Kf3 Ke6 36.
Ke3 Kd7 37. Kd3 Kc6 38. Ke3 b4 39. cxb4 cxb4 40. axb4 Kb5 41. Kd3 Kxb4 42. Kc2 Nc4 43. Nf3 Ne3+ 44. Kd3 Ng4 45. Kc2 Kc4 46. Kd2 Kb3 47.
Kc1 Nf2 48. Nxe5 Nxe4 49. Nd3 Ng3 50. Nf4 Kc4 51. Kc2 Kd4 52. Ne6+ Ke5 53. Nc7 Nf5 54. Kc3 Nxh4 55. Kb4 Nf5 56. Kxa4 h4 0-1

[Event "*** Titled Tuesday Blitz"]
[Site "Chess.com"]
[Date "2020.04.21"]
[Round "9"]
[White "Frogo47"]
[Black "GodDMuhammad"]
[Result "0-1"]
[WhiteElo "2429"]
[BlackElo "2193"]
[TimeControl "180+1"]
[EndTime "11:50:42 PDT"]
[Termination "GodDMuhammad won by resignation"]

1. e4 e5 2. Nf3 f5 3. Nxe5 Qf6 4. d4 d6 5. Nc4 fxe4 6. Nc3 Qg6 7. Ne3 Nf6 8. Be2 c6 9. d5 Be7 10. dxc6 bxc6 11. b3 O-O 12. Ba3 Rd8 13. Qd2 a5 14. O-O Ba6 15. Rfd1 Bxe2 16. Qxe2 Ra7 17. Na4 d5 18.
Bxe7 Rxe7 19. Rd4 Nbd7 20. Rad1 Ne5 21. Kh1 Rf8 22. h3 Nh5 23. Nc5 Nf4 24. Qf1 Ref7 25.
Qg1 Ne2 26. Qh2 Nxd4 27. Qxe5 Ne2 28. Qe6 Qh5 29. Nd7 Nf4 30. Nxf8 Nxe6 31. Nxe6 Rxf2 32.
Nd4 Rf6 33. c4 Qg5 34. Re1 h5 35. cxd5 cxd5 36. Ndc2 Rf2 37. Rd1 Qf4 38. Nxd5 Qg3 39. Nce3 Re2 40. Rf1 Rxe3 41. Nxe3 Qxe3 42. Kh2 Qd3 43.
Rf5 e3 44. Rxa5 e2 45. Ra8+ Kh7 46. Re8 Qd6+ 47. Kh1 Qd1+ 48. Kh2 e1=Q 49. Rxe1 Qxe1 50. h4 Qe5+ 51. Kh3 Qb2 52. g4 Qxa2 53. gxh5 Qxb3+ 54. Kg4 Qc4+ 55. Kg5 Qd5+ 56. Kg4 Qe4+ 57. Kg5 Qe5+ 58.
Kg4 Kh6 0-1

[Event "*** Titled Tuesday Blitz"]
[Site "Chess.com"]
[Date "2020.04.21"]
[Round "9"]
[White "Morshynska"]
[Black "gmkomarov"]
[Result "0-1"]
[WhiteElo "2077"]
[BlackElo "2420"]
[TimeControl "180+1"]
[EndTime "11:50:42 PDT"]
[Termination "gmkomarov won on time"]

1. e4 e6 2. d3 d5 3. Nd2 Nf6 4. Qe2 Be7 5. g3 Nc6 6. Ngf3 dxe4 7. dxe4 e5 8. c3 O-O 9. Bg2 b6 10. Nh4 a5 11. Nf5 Ba6 12. Qf3 Bc5 13. Bf1 Bxf1 14.
Nxf1 Re8 15. Bg5 Re6 16. Rd1 Qc8 17. N1e3 Bxe3 18. Nxe3 Qa6 19. Bxf6 Rxf6 20. Qe2 Qc8 21. O-O Qe8 22. Qc4 Re6 23. Rd5 Ne7 24. Rd2 Rc6 25. Qd3 Rd6 26. Qe2 Rxd2 27. Qxd2 Rd8 28. Qe2 Qa4 29. Rd1 Rxd1+ 30. Qxd1 Qxd1+ 31. Nxd1 f6 32. Ne3 Kf7 33. f3 Ke6 34. Kf2 b5 35. Ke2 c5 36. b3 Nc6 37. a3 b4 38. axb4 cxb4 39.
cxb4 axb4 40. Nc2 Kd6 41. Kd3 Kc5 42. f4 Na5 43. Na1 Nb7 44. f5 Nd6 45. Nc2 Nb5 46. g4 Na3 47. Nxa3 bxa3 48. Kc3 Kb5 49. h3 Kc5 50. h4 h6 51. h5 Kb5 0-1

[Event "*** Titled Tuesday Blitz"]
[Site "Chess.com"]
[Date "2020.04.21"]
[Round "9"]
[White "swimmerchess"]
[Black "Oleksandr_Bortnyk"]
[Result "0-1"]
[WhiteElo "2853"]
[BlackElo "3038"]
[TimeControl "180+1"]
[EndTime "11:50:44 PDT"]
[Termination "Oleksandr_Bortnyk won by resignation"]

1. e4 Nf6 2. e5 Nd5 3. d4 d6 4. c4 Nb6 5. f4 dxe5 6. fxe5 Nc6 7. Be3 Bf5 8. Nc3 e6 9. Nf3 Bb4 10. Rc1 Na5 11. a3 Naxc4 12. Bg5 Bxc3+ 13. Rxc3 Qd5 14. Bxc4 Nxc4 15. O-O h6 16. Bh4 c6 17. Qc1 Nb6 18. Rc5 Qd7 19. b3 Nd5 20. b4 O-O 21. Nd2 b6 22. Rxc6 Rac8 23. Rxc8 Rxc8 24. Qe1 Rc2 25. Rf2 Qa4 26. Nf1 Qxa3 27. Rxc2 Bxc2 28. b5 Qb2 29. Qd2 Qb1 30. Kf2 Bd3 31. Ne3 Nxe3 32. Kxe3 Bxb5 33. d5 Qb3+ 34. Kf2 Qxd5 35. Qxd5 exd5 36.
Ke3 Kf8 37. Kd4 Bc4 38. Bd8 Ke8 39. Bc7 Kd7 40. Bb8 a5 41. Bd6 g6 42. g4 h5 43.
gxh5 gxh5 44. Bf8 Kc6 45. Be7 b5 46. Bd8 a4 47. Be7 Kd7 48. Bb4 Ke6 49. Bc5 Kf5 50. Bd6 Kg4 51. Bb4 Kh3 52. Bd6 h4 53. Kc3 a3 54. Kc2 a2 55. Kb2 d4 56. Bc5 d3 57.
Be3 Kxh2 58. Bd2 Kg2 59. Bf4 h3 0-1

[Event "*** Titled Tuesday Blitz"]
[Site "Chess.com"]
[Date "2020.04.21"]
[Round "9"]
[White "Gahan-MG"]
[Black "djano"]
[Result "1-0"]
[WhiteElo "2605"]
[BlackElo "2472"]
[TimeControl "180+1"]
[EndTime "11:50:44 PDT"]
[Termination "Gahan-MG won by resignation"]

1. e4 e5 2. Nf3 Nc6 3. d4 exd4 4. Nxd4 Qf6 5. Nxc6 bxc6 6. Nc3 Bc5 7. Qd2 Ne7 8.
Na4 Bb6 9. c4 d6 10. Nxb6 axb6 11. Qf4 Qe5 12. Be2 Ng6 13. Qxe5+ dxe5 14. b3 c5 15. O-O Bb7 16. f3 Ke7 17. Rd1 Rhd8 18. Kf2 Nf8 19. Bb2 f6 20. Ke3 Ne6 21. g3 Nd4 22.
Bd3 Rd7 23. Bc3 Rad8 24. Bxd4 exd4+ 25. Kf2 Ra8 26. Rd2 Ra3 27. Re1 g6 28. f4 Rd8 29.
g4 Rda8 30. Bb1 Re8 31. e5 Kf7 32. exf6 Rxe1 33. Kxe1 Kxf6 34. Kf2 Bc6 35. h4 Ra8 36. g5+ Kg7 37. Re2 Re8 38. f5 gxf5 39. Rxe8 Bxe8 40. Bxf5 Bg6 41. Bg4 Bb1 42. a3 Ba2 43.
Bd1 Kg6 44. Bc2+ Kg7 45. Ke2 c6 46. a4 h6 47. Kd2 hxg5 48. hxg5 Kf7 49. Kc1 d3 50. Bd1 Kg6 51. Kb2 Bxb3 52. Kxb3 Kxg5 53. Kc3 Kf4 54. Kxd3 Ke5 55. Bf3 Kd6 56. Ke4 Kc7 57.
Ke5 b5 58. cxb5 cxb5 59. axb5 Kb6 60. Bc6 c4 61. Kd4 1-0

[Event "*** Titled Tuesday Blitz"]
[Site "Chess.com"]
[Date "2020.04.21"]
[Round "9"]
[White "11kevin"]
[Black "JLRHei"]
[Result "1-0"]
[WhiteElo "2521"]
[BlackElo "2269"]
[TimeControl "180+1"]
[EndTime "11:50:44 PDT"]
[Termination "11kevin won on time"]

1. Nf3 Nf6 2. g3 g6 3. Bg2 Bg7 4. O-O O-O 5. c4 d6 6. Nc3 e5 7.
d4 Qe8 8. e4 Bg4 9. dxe5 dxe5 10. Nb5 Qe7 11. b3 Bxf3 12. Qxf3 a6 13. Ba3 c5 14.
Nc3 Nc6 15. Nd5 Nxd5 16. exd5 Nd4 17. Qd1 Rad8 18. Rb1 a5 19. Bb2 b6 20. a3 Rfe8 21. Bc3 Qg5 22. b4 axb4 23. axb4 Qf5 24. bxc5 bxc5 25.
Rb7 Bf8 26. Kh1 h5 27. h4 Rb8 28. Qb1 Rxb7 29. Qxb7 Qd3 30. Bxd4 exd4 31. d6 Bxd6 32.
Kh2 Rf8 33. Qd5 Rd8 34. Qg5 Re8 35. Bd5 Qf5 36. Qh6 d3 37. Kg2 Be5 38. Re1 d2 39. Qxd2 Rf8 40. Qh6 Bf6 41. Re3 Bg7 42. Qg5 Qxg5 43.
hxg5 Bd4 44. Re7 Kg7 45. f4 Kg8 46. Kf3 Kg7 47. Ke4 Kg8 48. f5 gxf5+ 49. Kxf5 Kg7 50. g6 Bf6 51. Rd7 h4 52. g4 h3 53. g5 Bd4 54. gxf7 h2 55. g6 Rh8 56. Bh1 Rf8 57. Rd6 Bg1 58. Ke4 Rh8 59. Kd5 Rh5+ 60. Ke6 Bd4 61. Rd8 1-0

[Event "*** Titled Tuesday Blitz"]
[Site "Chess.com"]
[Date "2020.04.21"]
[Round "9"]
[White "Caterpiller35"]
[Black "DinaBelenkaya"]
[Result "1-0"]
[WhiteElo "2368"]
[BlackElo "2223"]
[TimeControl "180+1"]
[EndTime "11:50:44 PDT"]
[Termination "Caterpiller35 won on time"]

1. d4 Nf6 2. Bg5 Ne4 3. Bf4 g5 4. Bc1 Bg7 5. f3 Nf6 6. e4 h6 7. Nc3 d6 8. Be3 Nbd7 9. Qd2 c6 10. O-O-O Qc7 11. h4 g4 12. Nge2 b5 13. Nf4 Bb7 14. d5 b4 15. Nce2 c5 16. Ng3 O-O-O 17. Nfh5 Bf8 18. f4 Qa5 19. Kb1 Nxh5 20. Nxh5 f5 21.
exf5 Nb6 22. Be2 Bxd5 23. b3 Bb7 24. Bxg4 Nd5 25. Qxd5 Bxd5 26. Rxd5 Kc7 27. Rhd1 Rg8 28. Bf3 Bg7 29. Nxg7 Rxg7 30. g4 Rgg8 31. g5 Qb5 32. g6 a5 33. f6 exf6 34. f5 a4 35. Bf4 axb3 36. cxb3 Rg7 37. Bxd6+ Rxd6 38. Rxd6 c4 39. Rc6+ Kb8 40. Rd8+ Ka7 41. Ra8+ Kxa8 42. Rc5+ Qb7 43. Bxb7+ Kxb7 44. Rxc4 h5 45. Rxb4+ Kc6 46. Re4 Kd5 47. Re6 Rc7 48. Rxf6 Ke5 49. Rf7 Rc8 50. g7 1-0

[Event "*** Titled Tuesday Blitz"]
[Site "Chess.com"]
[Date "2020.04.21"]
[Round "9"]
[White "ENEASZ"]
[Black "Gabrielian_Artur"]
[Result "1-0"]
[WhiteElo "2535"]
[BlackElo "2684"]
[TimeControl "180+1"]
[EndTime "11:50:46 PDT"]
[Termination "ENEASZ won by resignation"]

1. e4 c5 2. c3 d6 3. d4 Nf6 4. Bd3 Qc7 5. Nf3 g6 6. O-O Bg7 7. h3 O-O 8. Re1 Nc6 9. Bf4 e5 10. dxe5 dxe5 11. Bh2 Nh5 12. Nbd2 Nf4 13. Bc4 Bd7 14.
Qc2 Rad8 15. a4 Na5 16. Bf1 c4 17. Bxf4 exf4 18. e5 Bf5 19. Qc1 Rfe8 20. Nd4 Bd7 21.
N2f3 Nb3 22. Nxb3 cxb3 23. Qxf4 Bc6 24. Bb5 Re6 25. Bc4 Re7 26. Ng5 Bxe5 27. Qh4 h5 28. Nxf7 Rxf7 29. Rxe5 Kg7 30. Bxf7 Qxe5 31. Qxd8 Kxf7 32. Qd4 Qg5 33. g3 Qf5 34. Qf4 Qxf4 35. gxf4 Ke6 36. a5 Kd5 37. Rd1+ Ke4 38. Rd4+ Kf3 39. Rb4 a6 40. Rxb3 Kxf4 41. Rb4+ Kf3 42. Rd4 g5 43. h4 g4 44. Rd6 Be4 45. Rd4 Bc6 46. Rc4 Bd5 47. Rc5 Be4 48. Rxh5 Kf4 49.
Rg5 Bc6 50. Rg7 Kf3 51. h5 Ke2 52. h6 Kd3 53. h7 Kc2 54. h8=Q Kxb2 55. Rxg4 1-0

[Event "*** Titled Tuesday Blitz"]
[Site "Chess.com"]
[Date "2020.04.21"]
[Round "9"]
[White "semchik73"]
[Black "adriangschnitzer"]
[Result "1/2-1/2"]
[WhiteElo "2296"]
[BlackElo "2429"]
[TimeControl "180+1"]
[EndTime "11:50:47 PDT"]
[Termination "Game drawn - insufficient material"]

1. Nf3 Nf6 2. c4 c5 3. Nc3 Nc6 4. d4 cxd4 5. Nxd4 e6 6. Nb3 a5 7. a4 Bb4 8. e3 Ne4 9. Qc2 Nxc3 10. bxc3 Be7 11. Bd3 f5 12. Nd4 Ne5 13. Be2 O-O 14.
O-O b6 15. f4 Nf7 16. Bf3 Rb8 17. Rd1 Qe8 18. Nb5 Bb7 19. Qf2 Bc5 20. Bxb7 Rxb7 21. Qf3 Rb8 22. Ba3 Qe7 23. Bxc5 Qxc5 24. Rxd7 Qxc4 25.
Rd4 Qc5 26. Rad1 Rfd8 27. Kf2 Rxd4 28. Rxd4 e5 29. Rd5 Qc4 30. fxe5 Ng5 31. Rd4 Qxd4 32. exd4 Nxf3 33. Kxf3 Rc8 34. d5 Rc5 35. c4 Rxc4 36. d6 Kf7 37. Nc7 Re4 38. d7 Ke7 39. e6 Rxa4 40. Nd5+ Kd8 41. e7+ Kxd7 42. Nxb6+ Kxe7 43. Nxa4 Kf6 44. h4 h6 45. Nc5 g5 46. hxg5+ hxg5 47. g3 Ke5 48. Nd7+ Ke6 49. Nc5+ Kd5 50. Na4 Ke5 51.
Ke3 g4 52. Nc3 f4+ 53. gxf4+ Kf5 54. Na4 g3 55. Kf3 g2 56. Kxg2 Kxf4 57. Kf2 Ke4 58. Ke2 Kd4 59. Kd2 Kc4 60. Kc2 Kb4 61. Nb2 a4 62. Nxa4 1/2-1/2

[Event "*** Titled Tuesday Blitz"]
[Site "Chess.com"]
[Date "2020.04.21"]
[Round "9"]
[White "maximnovik"]
[Black "narutosmith"]
[Result "1-0"]
[WhiteElo "2425"]
[BlackElo "2253"]
[TimeControl "180+1"]
[EndTime "11:50:48 PDT"]
[Termination "maximnovik won on time"]

1. d4 Nf6 2. Bg5 c5 3. Bxf6 gxf6 4. d5 Qb6 5. Qc1 Bh6 6. e3 f5 7.
Nh3 Rg8 8. c4 d6 9. Nc3 e5 10.
dxe6 fxe6 11. Nf4 Bxf4 12. exf4 Bd7 13. g3 Bc6 14. Rg1 Nd7 15. Be2 O-O-O 16. Qd2 Nf6 17. O-O-O Qa5 18. Kb1 Qb4 19. Qe3 Rge8 20. Rd2 a6 21.
Rgd1 Kc7 22. a3 Qa5 23. Bf3 Ba4 24. Nxa4 Qxa4 25. Qc3 Rf8 26. Re2 Rde8 27. Rde1 Qd7 28. Ka2 Qf7 29. b4 b6 30. Rb2 Rb8 31. bxc5 dxc5 32.
Qe5+ Kc8 33. Qxe6+ Qxe6 34. Rxe6 Nd7 35. Rc6+ Kd8 36.
Rd2 Ke7 37. Rc7 Rfd8 38. Bc6 Rbc8 39. Rdxd7+ Rxd7 40. Bxd7 Rxc7 41. Bxf5 h6 42. Kb2 Kd6 43. Be4 b5 44. Kc3 Rc8 45. g4 Rb8 46. h4 b4+ 47. axb4 cxb4+ 48. Kb3 a5 49. g5 hxg5 50. fxg5 Kc5 51.
h5 a4+ 52. Kxa4 Kxc4 53. g6 b3 54. g7 b2 55. h6 Kc3 56. h7 1-0

[Event "*** Titled Tuesday Blitz"]
[Site "Chess.com"]
[Date "2020.04.21"]
[Round "9"]
[White "konradrutkowski"]
[Black "miljanboro"]
[Result "0-1"]
[WhiteElo "2171"]
[BlackElo "2415"]
[TimeControl "180+1"]
[EndTime "11:50:48 PDT"]
[Termination "miljanboro won on time"]

1. Nf3 d5 2. g3 c5 3. Bg2 Nc6 4. O-O Nf6 5. d3 e6 6. Nbd2 Be7 7. e4 Qc7 8. Re1 b6 9. Nf1 Bb7 10. e5 Nd7 11. h4 h6 12. h5 Ndxe5 13. Nxe5 Nxe5 14. Bf4 Bd6 15. c3 O-O 16. d4 Nc6 17.
Be3 Qe7 18. Nh2 f5 19. dxc5 bxc5 20. Bxh6 gxh6 21. Rxe6 Qxe6 22. Bxd5 Rae8 23. Bxe6+ Rxe6 24. Qb3 Nd8 25. Re1 Re8 26. Nf3 Kg7 27. Rxe6 Rxe6 28.
c4 Bc6 29. Qc3+ Kg8 30. Nh4 Be4 31. f3 Be5 32. Qa3 Bd4+ 33. Kg2 Bc6 34. Nxf5 Re2+ 35. Kh3 Bd7 36. g4 Nf7 37. Qxa7 Bxf5 38. gxf5 Be5 39.
Qa8+ Kg7 40. f4 Bxf4 41. Kg4 Be5 42. f6+ Bxf6 43. Qb7 Rxb2 44. Qc7 Rxa2 45. Kf5 Rf2+ 46. Ke6 Re2+ 47. Kd5 Re5+ 48. Kc6 Rxh5 49. Qg3+ Rg5 50.
Qf3 h5 51. Kb5 h4 52. Qh3 Rg3 53. Qf5 h3 54. Qf4 Rg6 0-1

[Event "*** Titled Tuesday Blitz"]
[Site "Chess.com"]
[Date "2020.04.21"]
[Round "9"]
[White "BillieKimbah"]
[Black "LiemLe"]
[Result "1-0"]
[WhiteElo "2852"]
[BlackElo "2995"]
[TimeControl "180+1"]
[EndTime "11:50:49 PDT"]
[Termination "BillieKimbah won on time"]

1. d4 Nf6 2. c4 e6 3. Nf3 b6 4. g3 Bb7 5. Bg2 g6 6. Nc3 Bg7 7. Qc2 d5 8. cxd5 exd5 9. O-O O-O 10. Bf4 c6 11. Ne5 Nbd7 12. Rad1 Nh5 13. Nxd7 Qxd7 14.
Bc1 Rad8 15. e4 dxe4 16. Nxe4 h6 17. h3 f5 18. Nc3 Qf7 19. Qa4 f4 20. gxf4 Nxf4 21.
Bxf4 Qxf4 22. Qxa7 Rd7 23. Ne2 Qc7 24. Qa4 Re7 25.
Rd2 Kh7 26. Qc2 Qd6 27. a3 Qf6 28. b4 Rd8 29. a4 Ba6 30. Rc1 Qg5 31. Rcd1 Rd6 32. Ng3 Qf4 33. Ne4 Rde6 34. f3 h5 35. d5 cxd5 36. Rxd5 Bh6 37. Rd7 Bb7 38. Qc4 Qe5 39.
a5 bxa5 40. bxa5 Bxe4 41. fxe4 Be3+ 42. Kh1 Kh6 43. a6 Rxd7 44. Rxd7 Rf6 45. Rd1 Rf2 46. Qd3 Qg3 47. Rg1 Rd2 48. Qc3 Ra2 49. Qh8+ Kg5 50.
Qd8+ Kh6 51. Qf8+ Kh7 52. Qf7+ Kh6 53. Qxa2 Bf4 54. Bf1 Qe3 55. Qg2 g5 56. h4 g4 57.
e5 1-0

[Event "*** Titled Tuesday Blitz"]
[Site "Chess.com"]
[Date "2020.04.21"]
[Round "9"]
[White "Grineva_Marianna"]
[Black "kasparicy"]
[Result "0-1"]
[WhiteElo "2189"]
[BlackElo "2337"]
[TimeControl "180+1"]
[EndTime "11:50:49 PDT"]
[Termination "kasparicy won by checkmate"]

1. d4 Nf6 2. c4 g6 3. Nc3 d5 4. Bf4 Bg7 5. Rc1 O-O 6. Nf3 c5 7. dxc5 Qa5 8. cxd5 Qxc5 9. e4 Qa5 10. Bd2 Na6 11. Be2 Bd7 12. a3 Rac8 13. O-O Qc7 14. h3 Qb8 15. b4 e6 16. e5 Nxd5 17. Nxd5 exd5 18. Bf4 Be6 19. Qd2 Nc7 20. Rc5 b6 21. Rcc1 Bf5 22. Nd4 Ne6 23. Nxf5 gxf5 24. Bh2 Bxe5 25.
Bxe5 Qxe5 26. Bf3 Rxc1 27. Rxc1 Rd8 28. Re1 Qf6 29. Qc2 d4 30. Qd2 Ng5 31. Bb7 d3 32. Ba6 Ne4 33. Qe3 d2 34. Rd1 Qd4 35. Be2 Qxe3 36.
fxe3 Nc3 37. Kf2 Nxd1+ 38. Bxd1 Rd3 39. Ke2 Rxa3 40. Kxd2 Ra2+ 41. Bc2 a5 42. bxa5 bxa5 43. Kc3 a4 44. g3 Kg7 45. Bxf5 h6 46. g4 Kf6 47. h4 Ke5 48. h5 f6 49. Kb4 Re2 50. e4 Rxe4+ 51. Bxe4 Kxe4 52. Kxa4 Kf4 53. Kb3 Kxg4 54. Kc2 Kxh5 55. Kd1 Kg4 56. Ke1 Kf3 57. Kf1 f5 58. Kg1 Ke2 59. Kg2 f4 60. Kh3 f3 61. Kh2 f2 62. Kg2 f1=Q+ 63. Kh2 Qf4+ 64. Kh3 Qg5 65. Kh2 Kf2 66. Kh1 Qg2# 0-1

[Event "*** Titled Tuesday Blitz"]
[Site "Chess.com"]
[Date "2020.04.21"]
[Round "9"]
[White "Munkhzul_Turmunkh"]
[Black "Witik"]
[Result "1-0"]
[WhiteElo "2543"]
[BlackElo "2690"]
[TimeControl "180+1"]
[EndTime "11:50:50 PDT"]
[Termination "Munkhzul_Turmunkh won on time"]

1. e4 c6 2. d4 d5 3. e5 Bf5 4.
Nf3 e6 5. Be2 Bg6 6. O-O Nh6 7.
Nbd2 Nf5 8. Nb3 Nd7 9. c3 Be7 10.
Bf4 O-O 11. Rc1 Qb6 12. h3 c5 13. g4 Nh4 14. Nxh4 Bxh4 15. dxc5 Nxc5 16. Be3 Be7 17.
f4 Be4 18. Nxc5 Bxc5 19. Bxc5 Qxc5+ 20. Qd4 Qa5 21. f5 Qxa2 22. Qd2 exf5 23. gxf5 Rfe8 24. Ra1 Qb3 25. Ra3 Qb6+ 26. Qd4 Qh6 27. Kh2 Qg5 28. Rf2 Bxf5 29. Qxd5 Bg6 30. Ra5 Rad8 31. Qb5 b6 32. Rxa7 Rxe5 33. Qxb6 Rde8 34. Bf1 Qh4 35. Qd4 Re4 36. Qc5 h6 37. b4 Rf4 38. Raa2 Rxf2+ 39. Rxf2 Kh7 40. b5 Re6 41. b6 Qd8 42. Qc7 Qd6+ 43. Qxd6 Rxd6 44. b7 Rb6 45. Bg2 f6 46. c4 Be8 47. c5 Rb4 48. Re2 Bd7 49. Rd2 Be6 50. Rd8 1-0

[Event "*** Titled Tuesday Blitz"]
[Site "Chess.com"]
[Date "2020.04.21"]
[Round "9"]
[White "1977Ivan"]
[Black "JoakimVonAnd"]
[Result "1-0"]
[WhiteElo "2695"]
[BlackElo "2520"]
[TimeControl "180+1"]
[EndTime "11:50:50 PDT"]
[Termination "1977Ivan won by resignation"]

1. e4 c6 2. d4 d5 3. e5 Bf5 4. h4 h5 5. Bg5 Qb6 6. Bd3 Bxd3 7.
Qxd3 e6 8. Nd2 c5 9. c4 Nc6 10. Ngf3 Qxb2 11. O-O Nb4 12. Qe2 cxd4 13. cxd5 Nxd5 14.
Rab1 Nc3 15. Qc4 Nxb1 16. Rxb1 Qc3 17. Rxb7 Qxc4 18. Nxc4 Be7 19. Nxd4 Kf8 20. Nd6 Bxd6 21. exd6 Nf6 22. d7 Ke7 23. Nc6+ Kd6 24. d8=Q+ Raxd8 25. Nxd8 Rxd8 26. Bxf6 gxf6 27. Rxa7 Rb8 28. Rxf7 Rb1+ 29. Kh2 Rb2 30. Rxf6 Rxa2 31. f3 Ke7 32. Rh6 Ra5 33.
Kg3 Kf7 34. Kf4 Ra4+ 35. Kg3 Ra5 36. Kh3 Rb5 37. g4 hxg4+ 38. Kxg4 Rb4+ 39. Kg3 Rb5 40. Rh8 Kg7 41. Rc8 Kf6 42. Rc6 Kf5 43. Rc8 Kg6 44.
Rf8 Kg7 45. Rf4 Kg6 46. Kg4 Ra5 47. Re4 Kf6 48. Rf4+ Kg6 49. Re4 Kf6 50. h5 Rg5+ 51. Kh4 Rf5 52. f4 Ra5 53. Kg4 Ra1 54. Re3 Rg1+ 55.
Rg3 Rh1 56. Rh3 Rg1+ 57. Kf3 Kg7 58. Rg3+ Rxg3+ 59. Kxg3 Kf6 60. Kg4 Kf7 61. Kg5 Kg7 62. h6+ Kh7 63. Kf6 Kxh6 64. Kxe6 Kg7 65. f5 Kf8 66. Kf6 Ke8 67. Kg7 Ke7 68. f6+ 1-0